 Dungeon Crawl Stone Soup version 0.29.1-12-g30fa7ad0bf (webtiles) character file.

Game seed: 3069633312502042923

420 IcyTea the Chiller (level 6, -3/32 HPs)
             Began as a Deep Elf Ice Elementalist on Dec 23, 2022.
             Was an Initiate of Hepliaklqana.
             Slain by an ice beast (14 damage)
             ... on level 5 of the Dungeon.
             The game lasted 00:13:17 (4284 turns).

IcyTea the Chiller (Deep Elf Ice Elementalist)      Turns: 4284, Time: 00:13:17

Health: -3/32      AC: 10    Str:  5    XL:     6   Next: 62%
Magic:  2/15       EV: 13    Int: 22    God:    Hepliaklqana [......]
Gold:   193        SH:  0    Dex: 21    Spells: 2/14 levels left

rFire   . . .      SeeInvis .   a - staff of conjuration
rCold   . . .      Faith    .   (no shield)
rNeg    . . .      Spirit   .   u - +0 robe
rPois   .          Reflect  .   (no helmet)
rElec   .          Harm     .   t - +0 cloak
rCorr   .          Rampage  .   (no gloves)
Will    .....                   (no boots)
Stlth   ++........              (no amulet)
HPRegen 0.10/turn               l - +6 ring of dexterity
MPRegen 0.14/turn               (no ring)

@: ice-armoured
A: no striking features
a: Renounce Religion


You were on level 5 of the Dungeon.
You worshipped Hepliaklqana.
Hepliaklqana was noncommittal.
You visited 2 branches of the dungeon, and saw 6 of its levels.

You collected 193 gold pieces.

Inventory:

Hand Weapons
 b - a +2 dagger of draining
Missiles
 d - 10 poisoned darts
 f - a throwing net
Armour
 t - a +0 cloak (worn)
 u - a +0 robe (worn)
Magical Staves
 a - a staff of conjuration (weapon)
Jewellery
 l - a +6 ring of dexterity (left hand)
Scrolls
 i - a scroll of acquirement {unknown}
 k - a scroll of torment
 m - 2 scrolls of teleportation
 n - 2 scrolls of blinking
 p - a scroll of vulnerability {unknown}
 r - a scroll of enchant armour {unknown}
 s - 2 scrolls of enchant weapon
 v - a scroll of immolation {unknown}
Potions
 c - 2 potions of curing
 e - a potion of flight {unknown}
 g - a potion of brilliance {unknown}
 h - a potion of magic
 j - 2 potions of heal wounds
 o - a potion of berserk rage {unknown}
 q - a potion of might {unknown}


   Skills:
 - Level 2.4 Dodging
 - Level 2.4 Stealth
 + Level 4.8 Spellcasting
 + Level 3.0 Conjurations
 + Level 7.3 Ice Magic
 + Level 0.0 Air Magic
 + Level 1.2 Poison Magic


You had 2 spell levels left.
You knew the following spells:

 Your Spells              Type           Power      Damage    Failure   Level
a - Freeze                Ice            100%       1d11      1%          1
b - Ozocubu's Armour      Ice            37%        N/A       1%          3
c - Hailstorm             Conj/Ice       42%        3d10      12%         4
d - Magic Dart            Conj           100%       1d8       3%          1
e - Mephitic Cloud        Conj/Pois/Air  17%        N/A       17%         3

Your spell library contained the following spells:

 Spells                   Type           Power      Damage    Failure   Level
 Call Imp                 Summ           5%         N/A       16%         2
 Frozen Ramparts          Ice            74%        1d12      1%          3


Dungeon Overview and Level Annotations

Branches:
Dungeon (5/15)             Temple (1/1) D:4

Altars:
Ashenzari
Cheibriados
Dithmenos
Elyvilon
Fedhas
Gozag
Hepliaklqana
Makhleb
Okawaru
Qazlal
Ru
Sif Muna
Uskayaw
Vehumet
Wu Jian
Xom
Yredelemnul
Zin
The Shining One

Annotations:
D:4 3 runed translucent doors, Quickbrownfox's ghost, amateur OpTm; sm0rk's ghost, amateur DsCK


Message History

The magic dart hits the ice beast but does no damage.
The ice beast is moderately wounded.
The ice beast hits you. The ice beast freezes you!
Aiming: Magic Dart (safe; 3% risk of failure)
Press: ? - help, Q - select action, (/) - cycle Shift-Dir - straight line, f/p - ice beast
Aim: an ice beast (moderately wounded, 100% to hit)
You feel a surge of power!
The magic dart hits the ice beast.
The ice beast is moderately wounded.
The ice beast hits you. The ice beast freezes you!
* * * LOW HITPOINT WARNING * * *
Okay, then.
You feel much better.
The ice beast hits you but does no damage.
Aiming: Magic Dart (safe; 3% risk of failure)
Press: ? - help, Q - select action, (/) - cycle Shift-Dir - straight line, f/p - ice beast
Aim: an ice beast (moderately wounded, 100% to hit)
You feel a surge of power!
The magic dart hits the ice beast!
The ice beast is heavily wounded.
The ice beast closely misses you.
Aiming: Magic Dart (safe; 3% risk of failure)
Press: ? - help, Q - select action, (/) - cycle Shift-Dir - straight line, f/p - ice beast
Aim: an ice beast (heavily wounded, 100% to hit)
You feel a surge of power!
The magic dart hits the ice beast.
The ice beast is severely wounded.
The ice beast hits you. The ice beast freezes you!
Aiming: Magic Dart (safe; 3% risk of failure)
Press: ? - help, Q - select action, (/) - cycle Shift-Dir - straight line, f/p - ice beast
Aim: an ice beast (severely wounded, 100% to hit)
You feel a surge of power!
The magic dart hits the ice beast but does no damage.
The ice beast is severely wounded.
The ice beast closely misses you.
Aiming: Magic Dart (safe; 3% risk of failure)
Press: ? - help, Q - select action, (/) - cycle Shift-Dir - straight line, f/p - ice beast
Aim: an ice beast (severely wounded, 100% to hit)
You feel a surge of power!
The magic dart hits the ice beast but does no damage.
The ice beast is severely wounded.
The ice beast hits you. The ice beast freezes you!
You die...

#......##
........##
.........#
.........#
.........#
..........#
........Y.#
#.......@#
.........##
..........#
..........#
.......†..#
........<.##
...........#
#..........#
##.........#


You could see an ice beast.

Vanquished Creatures
  A necrophage (D:4)
  A scorpion (D:5)
  A howler monkey (D:4)
  2 hounds (D:4)
  3 iguanas
  3 gnolls (D:2)
  4 adders
  An ufetubus (D:4)
  2 worms (D:2)
  3 orcs
  5 ball pythons
  5 endoplasms
  4 giant cockroaches
  A goblin (D:3)
  2 hobgoblins (D:2)
  2 jackals (D:4)
  3 kobolds
  A quokka (D:4)
  7 bats
  6 frilled lizards
  6 rats
63 creatures vanquished.

Vanquished Creatures (others)
  6 withered plants (D:4)
6 creatures vanquished.

Grand Total: 69 creatures vanquished

Notes
Turn   | Place    | Note
-------+----------+-------------------------------------------
     0 | D:1      | IcyTea the Deep Elf Ice Elementalist began the quest for
                  | the Orb.
     0 | D:1      | Reached XP level 1. HP: 10/10 MP: 6/6
   314 | D:1      | Found a faded altar of an unknown god.
   746 | D:2      | Reached skill level 5 in Ice Magic
   746 | D:2      | Reached XP level 2. HP: 15/15 MP: 6/8
   811 | D:2      | Reached XP level 3. HP: 19/19 MP: 5/9
   815 | D:2      | Learned a level 3 spell: Ozocubu's Armour
  1076 | D:2      | Reached skill level 6 in Ice Magic
  1603 | D:2      | Found a shimmering altar of Xom.
  2097 | D:3      | Reached XP level 4. HP: 7/24 MP: 6/10
  2306 | D:3      | Learned a level 4 spell: Hailstorm
  2692 | D:3      | Found a glowing silver altar of Zin.
  2995 | D:4      | Reached skill level 1 in Conjurations
  3010 | D:4      | Noticed a necrophage
  3170 | D:4      | Found a runed translucent gate.
  3171 | D:4      | Found a runed translucent gate.
  3172 | D:4      | Found a runed translucent gate.
  3177 | D:4      | Noticed Quickbrownfox's ghost (amateur OpTm)
  3177 | D:4      | Noticed sm0rk's ghost (amateur DsCK)
  3204 | D:4      | Learned a level 1 spell: Magic Dart
  3216 | D:4      | Reached XP level 5. HP: 22/28 MP: 3/12
  3572 | D:4      | Reached skill level 7 in Ice Magic
  3572 | D:4      | Reached XP level 6. HP: 32/32 MP: 9/14
  3691 | D:4      | Learned a level 3 spell: Mephitic Cloud
  3692 | D:4      | Found a staircase to the Ecumenical Temple.
  3725 | Temple   | Entered the Ecumenical Temple
  3862 | Temple   | Became a worshipper of Hepliaklqana the Forgotten
  4207 | D:5      | Entered Level 5 of the Dungeon
  4221 | D:5      | Reached skill level 1 in Poison Magic
  4270 | D:5      | Noticed an ice beast
  4284 | D:5      | Slain by an ice beast

Illustrated notes

Levels and vault maps discovered:
D:1:      scummos_arrival_checkerplants, layout_basic,
          chequers_ecumenical_altar_twisty
D:2:      layout_basic, basic_altar
D:3:      layout_basic, zin_scriptorium
D:4:      layout_cave_pools, minmay_temple_entry_overgrown,
          gammafunk_ghost_cemetery
D:5:      layout_rooms, gammafunk_temple_overflow_claw, roderic_serpentine_path
Temple:   regret_index_temple_mists

Skill      XL: |  1  2  3  4  5  6 |
---------------+-------------------+-----
Ice Magic      | 5 6 7 |  7.3
Conjurations   | 1 2 3 |  3.0
Spellcasting   | 4 |  4.8
Poison Magic   | 1 |  1.2
Dodging        | |  2.4
Stealth        | |  2.4

Action                   |  1- 3 |  4- 6 || total
-------------------------+-------+-------++-------
Melee: Dagger            |    30 |    28 ||    58
       Hand axe          |     3 |       ||     3
       Staff             |       |     4 ||     4
Throw: Dart              |       |     1 ||     1
       Throwing net      |       |     1 ||     1
 Cast: Freeze            |    20 |    37 ||    57
       Ozocubu's Armour  |     1 |     3 ||     4
       Magic Dart        |       |    38 ||    38
       Hailstorm         |       |     1 ||     1
  Use: Scroll            |     5 |     1 ||     6
       Potion            |       |     1 ||     1
 Stab: Sleeping          |     7 |     5 ||    12
Armor: Robe              |     4 |    23 ||    27
Dodge: Dodged            |    24 |    73 ||    97
